 Dungeon Crawl Stone Soup version 0.18-a0-943-g2c08dd4 (webtiles) character file.

154 wvc the Magician (level 5, -1/41 HPs)
             Began as a Mummy Wizard on Dec 28, 2015.
             Was an Initiate of Cheibriados.
             Killed from afar by an orc wizard (6 damage)
             ... with a magic dart
             ... on level 3 of the Dungeon.
             The game lasted 00:13:23 (15173 turns).

wvc the Magician (Mummy Wizard)                    Turns: 15173, Time: 00:13:24

Health: -1/41      AC:  3    Str: 12    XL:     5   Next: 13%
Magic:  9/9        EV:  6    Int: 19    God:    Cheibriados [......]
Gold:   162        SH:  0    Dex: 11    Spells: 1 memorised, 9 levels left

rFire  x . .     SeeInvis .     i - +0 dagger
rCold  + + .     Gourm    .     l - +0 leather armour
rNeg   + + +     Faith    .     (no shield)
rPois  ∞         Spirit   .     b - +0 hat
rElec  .         Dismiss  .     (no cloak)
rCorr  .         Reflect  .     (no gloves)
SustAt .         Harm     .     (no boots)
MR     +....                    (no amulet)
Stlth  +.........               j - ring of protection from cold
                                e - ring of protection from magic

@: very slow, somewhat resistant to hostile enchantments, very unstealthy
A: no food or potions, fire vulnerability, cold resistance 1, negative energy
resistance 3, torment resistance, unbreathing
a: Bend Time, Renounce Religion


You were on level 3 of the Dungeon.
You worshipped Cheibriados.
Cheibriados was noncommittal.
You were not hungry.

You visited 1 branch of the dungeon, and saw 3 of its levels.

You collected 162 gold pieces.

Inventory:

Hand Weapons
 i - a +0 dagger (weapon)
Missiles
 f - 2 javelins (quivered)
Armour
 b - a +0 hat (worn)
 l - a +0 leather armour (worn)
Jewellery
 e - a ring of protection from magic (left hand)
 j - a ring of protection from cold (right hand)
Wands
 a - a wand of slowing (48/48)
Scrolls
 d - 2 scrolls of remove curse
Books
 c - a book of Minor Magic

   Spells                             Type                      Level
   a - Magic Dart                     Conjuration                  1
   b - Blink                          Translocation                2
   c - Call Imp                       Summoning                    2
   d - Repel Missiles                 Charms/Air                   2
   e - Slow                           Hexes                        2
   f - Conjure Flame                  Conjuration/Fire             3
   g - Mephitic Cloud                 Conjuration/Poison/Air       3


   Skills:
 - Level 3.0 Fighting
 + Level 2.0 Short Blades
 * Level 1.8 Armour
 - Level 1.5 Dodging
 - Level 1.5 Stealth
 - Level 3.0 Spellcasting
 - Level 0.7 Conjurations
   Level 0.7 Summonings
   Level 0.7 Translocations


You had 9 spell levels left.
You knew the following spells:

 Your Spells              Type           Power        Failure   Level  Hunger
a - Magic Dart            Conj           #...         17%         1    N/A

Dungeon Overview and Level Annotations

Branches:
Dungeon (3/15)

Altars:
Cheibriados
Elyvilon
Ru


Innate Abilities, Weirdness & Mutations

You do not eat or drink.
Your flesh is vulnerable to fire.
You are immune to poison.
Your flesh is cold resistant.
You are immune to negative energy.
You are immune to unholy pain and torment.
You can survive without breathing.


Message History

Something hits you but does no damage. The orc hits you with a club.
Something hits you but does no damage. Something hits you. Something hits you.
* * * LOW HITPOINT WARNING * * *
Something hits you.
* * * LOW HITPOINT WARNING * * *
Something hits you.
* * * LOW HITPOINT WARNING * * *
Something hits you.
* * * LOW HITPOINT WARNING * * *
You hear some strange, mumbled words.
A puff of frost appears from out of thin air!
The puff of frost hits you! You resist.
* * * LOW HITPOINT WARNING * * *
There is a stone staircase leading up here.
You hear some strange, mumbled words.
A magic dart appears from out of thin air!
The magic dart hits you!
You die...

...# ...# ..# ..# ##
#####.# .. #...#.#
#+#+#+#
#####.##.#o#r######.#.#..
#.......@.o.o.o...#.#....
#.######.#.#.####.#..[...
#...o..o...oo.....
###.#.......###...
#.......#.# #...
##........# #..[
..#####..###o.. ..#
#........ #.#####.#


You could see 5 orcs and a quokka.

Vanquished Creatures
  A hound (D:1)
  4 adders
  A gnoll (D:2)
  3 worms (D:2)
  2 giant geckos
  An orc (D:2)
  5 bats
  A giant cockroach (D:1)
  8 hobgoblins
  9 jackals
  7 kobolds
  2 quokkas (D:2)
  2 ball pythons
  3 giant newts
  10 goblins
  9 rats
68 creatures vanquished.

Vanquished Creatures (others)
  A manticore (D:1)
  A giant newt (D:1)
2 creatures vanquished.

Grand Total: 70 creatures vanquished

Notes
Turn   | Place    | Note
--------------------------------------------------------------
     0 | D:1      | wvc the Mummy Wizard began the quest for the Orb.
     0 | D:1      | Reached XP level 1. HP: 13/13 MP: 4/4
   256 | D:1      | Reached skill level 1 in Fighting
   653 | D:1      | Reached XP level 2. HP: 21/21 MP: 0/6
  3889 | D:1      | Reached skill level 1 in Short Blades
  4332 | D:1      | Reached XP level 3. HP: 27/27 MP: 0/7
  9555 | D:1      | Reached XP level 4. HP: 25/34 MP: 0/8
 10101 | D:1      | Killed a manticore
 10370 | D:1      | Noticed a deep troll
 10415 | D:2      | Found a sacrificial altar of Ru.
 10783 | D:2      | Found a white marble altar of Elyvilon.
 11046 | D:2      | Reached skill level 1 in Armour
 11732 | D:2      | Found a snail-covered altar of Cheibriados.
 11772 | D:2      | Became a worshipper of Cheibriados the Contemplative
 12663 | D:2      | Reached XP level 5. HP: 19/41 MP: 0/9
 15121 | D:2      | Noticed an ogre
 15173 | D:3      | Killed from afar by an orc wizard

Vault maps used:
D:1:      eino_arrival_tree_alley, interstate_on_off, lemuel_flame_loot_1
D:2:      elyvilon_altar_5, nicolae_ru_awakened_eye, cheibriados_altar_wand_db
D:3:      grunt_temple_overflow_open, kennysheep_small_spiral,
          grunt_ministairs_8

Action                   |  1- 3 |  4- 6 || total
-------------------------+-------+-------++-------
Melee: Unarmed           |     2 |       ||     2
       Dagger            |    31 |    80 ||   111
 Cast: Magic Dart        |    73 |    79 ||   152
  Use: Scroll            |       |     4 ||     4
 Stab: Sleeping          |       |     1 ||     1
